 Dungeon Crawl Stone Soup version bcrawl-1.37.2 (webtiles) character file.

Game seed: 9812093871744766456

574749 foxfromabyss the Covert (level 16, -4/124 HPs)
             Began as a Gnoll Archaeologist on Dec 6, 2022.
             Was the Champion of Cheibriados.
             Slain by a peacekeeper (20 damage)
             ... in the Desolation of Salt.
             The game lasted 00:35:41 (20706 turns).

foxfromabyss the Covert (Gnoll Archaeologist)      Turns: 20706, Time: 00:35:41

Health: -4/124     AC: 13    Str: 42    XL:     16   Next: 17%
Magic:  0/30       EV: 28    Int: 32    God:    Cheibriados [******]
Gold:   2883       SH: 10    Dex: 29    Spells: 27/35 levels left

rFire    . . .     GDR:     43% a - +2 quick blade (drain)
rCold    . . .     SeeInvis .   q - +0 buckler
rNeg     + . .     Gourm    .   T - +2 robe of Listlessness {+Blink Str+7 Slay+2}
rPois    .         Faith    .   U - +1 helmet
rElec    .         Spirit   +   Z - scarf {Spirit}
rCorr    .         Reflect  .   j - +2 pair of gloves {archery}
MR       ++...     Clarity  +   l - +1 pair of boots
Stlth    ++++++....             L - amulet of regeneration
HPRegen  0.30/turn              u - ring of protection from magic
MPRegen  0.22/turn              s - ring of positive energy

@: lightly drained, very slow
A: distributed training, fangs 1, strong nose
a: Bend Time, Defer, Temporal Distortion, Step From Time, Renounce Religion,
Evoke Blink


You were in the Desolation of Salt.
You worshipped Cheibriados.
Cheibriados was exalted by your worship.
You were not hungry.

You visited 5 branches of the dungeon, and saw 21 of its levels.
You also visited: Ossuary, Bailey and Desolation.

You collected 3525 gold pieces.
You spent 642 gold pieces at shops.

Inventory:

Hand Weapons
 a - a +2 quick blade of draining (weapon)
 b - the +3 sling "Punk" {acid, rCorr}
   (You bought it in a shop on level 6 of the Dungeon)

   It provides partial protection from all sources of acid and corrosion.
Missiles
 f - 28 curare-tipped needles
 t - 4 throwing nets {=f}
 Q - 1100 sling bullets
 R - 3844 stones (quivered)
Armour
 j - a +2 pair of gloves of archery (worn)
 l - a +1 pair of boots (worn)
 q - a +0 buckler (worn)
 T - the +2 robe of Listlessness (worn) {+Blink Str+7 Slay+2}
   (You found it on level 8 of the Dungeon)

   It affects your strength (+7).
   It affects your accuracy and damage with ranged weapons and melee attacks
   (+2).
   It lets you blink.
 U - a +1 helmet (worn)
 Z - a scarf of spirit shield (worn)
Jewellery
 s - a ring of positive energy (right hand)
 u - a ring of protection from magic (left hand)
 D - an uncursed ring of protection from fire
 L - an amulet of regeneration (around neck)
Wands
 h - a wand of disintegration (7)
 r - a wand of paralysis (14)
 M - a wand of flame (40)
 N - a wand of acid (19)
 O - a wand of digging (43)
Scrolls
 c - 3 scrolls of blinking
 g - a scroll of magic mapping
 n - 18 scrolls of teleportation
 v - 4 scrolls of remove curse
 y - a scroll of summoning
 z - a scroll of fear
 A - 6 scrolls of amnesia
 E - 2 scrolls of fog
 V - a scroll of silence
Potions
 d - 4 potions of brilliance
 k - 4 potions of might
 o - 7 potions of curing
 w - 2 potions of magic
 x - a potion of cancellation
 B - 2 potions of heal wounds
 C - 4 potions of haste {unknown}
 F - 4 potions of flight {unknown}
 G - 2 potions of resistance {unknown}
 H - 4 potions of ambrosia {unknown}
 J - 2 potions of mutation {unknown}
 K - a potion of agility {unknown}
 S - a potion of berserk rage {unknown}
 X - a potion of invisibility
Miscellaneous
 m - a phantom mirror
 p - a phial of floods
Comestibles
 e - 29 rations {!d}
 i - 5 chunks of flesh


   Skills:
 + Level 10.7 Fighting
 + Level 10.4 Short Blades
 + Level 10.4 Long Blades
 + Level 10.4 Axes
 + Level 10.7 Maces & Flails
 + Level 10.4 Polearms
 + Level 10.4 Staves
 + Level 10.4 Slings
 + Level 10.4 Bows
 + Level 10.4 Crossbows
 + Level 10.4 Throwing
 + Level 10.4 Armour
 + Level 12.1(12.0) Dodging
 + Level 12.1(12.0) Stealth
 + Level 10.4 Shields
 + Level 10.4 Unarmed Combat
 + Level 10.4 Spellcasting
 + Level 8.8 Conjurations
 + Level 8.8 Hexes
 + Level 8.8 Charms
 + Level 8.8 Summonings
 + Level 8.8 Necromancy
 + Level 8.8 Translocations
 + Level 8.8 Transmutations
 + Level 8.8 Fire Magic
 + Level 8.8 Ice Magic
 + Level 8.8 Air Magic
 + Level 8.8 Earth Magic
 + Level 8.8 Poison Magic
 + Level 11.3(11.2) Invocations
 + Level 10.4 Evocations


You had 27 spell levels left.
You knew the following spells:

 Your Spells              Type           Power        Failure   Level  Hunger
a - Passwall              Tmut/Erth      ######..     1%          2    None
b - Statue Form           Tmut/Erth      ######...    19%         6    #####..

Your spell library contained the following spells:

 Spells                   Type           Power        Failure   Level  Hunger
 Freeze                   Ice            ######       1%          1    None
 Necrotize                Necr           ######       1%          1    None
 Sandblast                Erth           ######       1%          1    None
 Static Discharge         Air            ######       1%          1    None
 Sting                    Conj/Pois      ####         1%          1    None
 Poisonous Vapours        Pois/Air       ######       1%          2    None
 Searing Ray              Conj           ######..     1%          2    None
 Shock                    Conj/Air       ######.      1%          2    None
 Swiftness                Chrm/Air       ######..     1%          2    None
 Throw Frost              Conj/Ice       ######       1%          2    None
 Ignite Poison            Fire/Tmut/Pois ######..     1%          3    None
 Mephitic Cloud           Conj/Pois/Air  ######..     1%          3    None
 Ozocubu's Armour         Chrm/Ice       ######..     1%          3    None
 Stone Arrow              Conj/Erth      ######       1%          3    None
 Vampiric Draining        Necr           ######....   1%          3    None
 Agony                    Necr           ######..     1%          4    None
 Animate Dead             Necr           N/A          1%          4    None
 Ice Form                 Ice/Tmut       ######..     1%          4    None
 Lightning Bolt           Conj/Air       ######..     1%          4    None
 Olgreb's Toxic Radiance  Pois           ######...    1%          4    None
 Petrify                  Tmut/Erth      ######....   1%          4    None
 Sticky Flame             Conj/Fire      ######..     1%          4    None
 Summon Ice Beast         Ice/Summ       ######..     1%          4    None
 Summon Scorpions         Summ/Pois      ######..     1%          4    None
 Throw Icicle             Conj/Ice       ######..     1%          4    None
 Tree Form                Hex/Tmut       N/A          1%          4    None
 Dispel Undead            Necr           ######..     3%          5    ####...
 Lee's Rapid Deconstruct  Erth           ######....   3%          5    ####...
 Metabolic Englaciation   Hex/Ice        ######....   3%          5    ####...
 Venom Bolt               Conj/Pois      ######....   3%          5    ####...
 Infestation              Hex/Tmut/Pois  ######...    19%         6    #####..
 Discord                  Hex            ######....   71%         7    ######.
 Dragon Form              Tmut           ######.      71%         7    ######.
 Mana Rupture             Conj/Hex       ######....   71%         7    ######.
 Orb of Destruction       Conj           ######....   71%         7    ######.
 Necromutation            Tmut/Necr      ######..     100%        8    #######


Dungeon Overview and Level Annotations

Branches:
Dungeon (12/12)            Temple (1/1) D:4            Lair (6/6) D:9
 Shoals (0/3) Lair:4       Spider (0/3) Lair:3        Slime (0/5) Lair:6
    Orc (1/1) D:8             Elf (1/3) Orc          Vaults (0/3) D:11
 Depths (0/5) D:12

Altars:
Ashenzari
Cheibriados
Dithmenos
Elyvilon
Fedhas
Gozag
Hepliaklqana
Kikubaaqudgha
Lugonu
Makhleb
Nemelex Xobeh
Okawaru
Qazlal
Ru
Sif Muna
Trog
Uskayaw
Vehumet
Wu Jian
Xom
Yredelemnul
Zin
The Shining One
Jiyva

Shops:
D:6 =*(}:   D:7 *   D:8 :*   Orc =[(*

Portals:
Trove: D:11 (give +8 demon blade)

Annotations:
D:4 1 runed translucent door, foxfromabyss's ghost, novice MiAc
Lair:5 1 runed translucent door, foxfromabyss's ghost, journeyman TrMA
Elf:1 1 runed door


Innate Abilities, Weirdness & Mutations

Your experience applies equally to all skills.
You have very sharp teeth.
Your uncanny sense of smell can sniff out nearby items.


Message History

The molten gargoyle is moderately damaged.
You puncture the molten gargoyle!
You bite the molten gargoyle, but do no damage.
The molten gargoyle is severely damaged.
The molten gargoyle hits you but does no damage.
You partially resist.
You feel drained.
You hit the molten gargoyle.
The molten gargoyle is severely damaged.
You hit the molten gargoyle.
The molten gargoyle is almost destroyed.
The peacekeeper bites you but does no damage.
The peacekeeper closely misses you.
You hit the molten gargoyle.
You destroy the molten gargoyle!
Cheibriados thoroughly appreciates the change of pace.
The peacekeeper bites you!!
* * * LOW HITPOINT WARNING * * *
The peacekeeper closely misses you. The peacekeeper bites you!!
You die...

........ §§§..........
§§§...§....§§..........
§§.§...§§§§§..§........
§§§..§...§§. §§§§.......
§§§§§§.§§§§§§.§§§§......
§.§..§§§§§§§.§§§§§§.....
..§§§§.§§§§§.§§§.§§...§.
..§§..§§@9§§§#§§§..§9.9p§
§.§§§.§.§§§.§9§§.§§§9999§
..§§.§§§§§§...§9§.§§99..§
§§§§§§§§§§§§§.§.§....p..§
§§§§....§§§§§§.§§........
§§.§...§§§§§§§§§.......
§§§§.§§§.§ ..§§§...##..
§§...§§ §§§...§........
..§.........


You could see a peacekeeper.

Vanquished Creatures
  Saint Roka (Elf:1)
  Kirke (Lair:6)
  A deep elf sorcerer (Elf:1)
  A caustic shrike skeleton (D:12)
  2 ragged hierophants (Desolation)
  Urug (Lair:6)
  A merfolk impaler (D:12)
  Josephine (Lair:6)
  2 fire dragons (Lair:6)
  An ice dragon (Lair:6)
  Harold (D:8)
  3 servants of whispers (Desolation)
  2 peacekeepers (Elf:1)
  9 hydras
  A merfolk avatar (D:12)
  Psyche (D:11)
  2 catoblepae
  5 two-headed ogres
  An alligator (Lair:6)
  2 dancing weapons (D:11)
  2 ogre magi
  3 centaur warriors
  A skeletal warrior (D:12)
  A goliath frog (Lair:6)
  A flayed ghost (D:12)
  An ironheart convoker (Desolation)
  A cyclops (D:10)
  A wolf spider zombie (D:11)
  10 deep elf magi
  A necromancer (D:12)
  A lindwurm (Lair:6)
  2 stone giant zombies (D:12)
  4 orc knights (D:8)
  6 orc sorcerers (Orc)
  A wolf spider (D:12)
  A manticore (D:12)
  4 ugly things
  5 elephants (Lair:6)
  2 guardian serpents (Desolation)
  11 black mambas
  4 molten gargoyles
  An ice statue (Lair:6)
  8 cane toads
  A demonic crawler (Lair:3)
  9 komodo dragons
  2 rime drakes
  An efreet (D:10)
  An eye of draining (D:9)
  3 merfolk (Lair:4)
  A guardian mummy (D:12)
  3 meliai (D:11)
  4 polar bears
  7 trolls
  10 blink frogs
  14 saltlings (Desolation)
  A wolf spider simulacrum (D:12)
  6 slime creatures (D:10)
  5 dream sheep (Lair:6)
  8 hippogriffs
  A hippogriff (shapeshifter) (D:12)
  Grum (D:8)
  A fire dragon zombie (D:12)
  Sigmund (D:2)
  2 spriggans
  2 shadows
  19 yaks
  3 wyverns
  A water elemental (Elf:1)
  4 fire bats (D:8)
  4 wraiths (Lair:6)
  3 hogs (Lair:6)
  4 basilisks
  4 hungry ghosts
  4 vampire mosquitoes (D:10)
  3 steam dragons (Lair:6)
  7 wargs (Orc)
  12 crocodiles
  5 hell hounds
  6 water moccasins
  10 porcupines
  3 sky beasts
  3 hornet zombies
  14 orc warriors
  11 ice beasts
  A phantom (D:7)
  3 black bears (D:9)
  7 ogres
  14 wolves
  11 bullfrogs
  An earth elemental (Elf:1)
  6 centaurs
  2 water moccasin zombies (Ossuary)
  A centaur (shapeshifter) (D:12)
  6 scorpions
  6 killer bees
  4 wights (D:10)
  8 orc priests
  A howler monkey (D:7)
  10 electric eels
  3 vampire bats (D:3)
  A crimson imp (D:4)
  7 lava snakes
  A quasit (D:9)
  8 hounds
  2 jellies (D:8)
  32 orc wizards
  4 iguanas
  5 worker ants
  5 hell rats (Lair:5)
  A hound zombie (D:5)
  2 mummies (Ossuary)
  A worker ant zombie (D:11)
  14 adders
  2 gnolls
  4 shadow imps
  3 white imps (Lair:6)
  2 oozes
  9 adder zombies
  An adder skeleton (D:9)
  4 worms
  3 dart slugs
  5 leopard geckos
  75 orcs
  6 bats
  4 bat skeletons (D:3)
  2 bat zombies (D:3)
  6 giant cockroaches
  9 goblins
  12 hobgoblins
  25 jackals
  28 kobolds
  6 quokkas
  6 frilled lizards
  3 gnoll zombies (Ossuary)
  3 hobgoblin zombies (Ossuary)
  7 kobold zombies (Ossuary)
  3 orc zombies (Ossuary)
  A quokka zombie (D:3)
  6 rats
  A fire vortex (D:8)
718 creatures vanquished.

Vanquished Creatures (others)
  A merfolk (Lair:4)
  2 orc wizards (Orc)
  An orc (Orc)
  A jackal (D:8)
  A fire vortex (D:8)
  32 fungi
  19 plants
  A withered plant (D:12)
58 creatures vanquished.

Grand Total: 776 creatures vanquished

Notes
Turn   | Place    | Note
-------+----------+-------------------------------------------
     0 | D:1      | foxfromabyss the Gnoll Archaeologist began the quest for
                  | the Orb.
     0 | D:1      | Reached XP level 1. HP: 17/17 MP: 1/1
   104 | D:1      | Reached XP level 2. HP: 10/23 MP: 2/2
   331 | D:1      | Reached XP level 3. HP: 28/28 MP: 3/3
  1042 | D:2      | Reached skill level 1 in Invocations
  1335 | D:2      | Noticed Sigmund
  1421 | D:2      | Found a burning altar of Makhleb.
  1421 | D:2      | Noticed a cacodemon
  1425 | D:2      | Noticed a hellwing
  1425 | D:2      | Noticed a hellwing
  1443 | D:2      | Found a sacrificial altar of Ru.
  1463 | D:2      | Reached skill level 1 in Short Blades
  1463 | D:2      | Reached skill level 1 in Long Blades
  1463 | D:2      | Reached skill level 1 in Axes
  1463 | D:2      | Reached skill level 1 in Polearms
  1463 | D:2      | Reached skill level 1 in Staves
  1463 | D:2      | Reached skill level 1 in Slings
  1463 | D:2      | Reached skill level 1 in Bows
  1463 | D:2      | Reached skill level 1 in Crossbows
  1463 | D:2      | Reached skill level 1 in Throwing
  1463 | D:2      | Reached skill level 1 in Armour
  1463 | D:2      | Reached skill level 1 in Shields
  1463 | D:2      | Reached skill level 1 in Unarmed Combat
  1463 | D:2      | Reached skill level 1 in Spellcasting
  1463 | D:2      | Reached skill level 1 in Evocations
  1491 | D:2      | Reached XP level 4. HP: 17/34 MP: 5/5
  1702 | D:2      | Found a stormy altar of Qazlal.
  2002 | D:3      | Found a shadowy altar of Dithmenos.
  2078 | D:3      | Found an ancient bone altar of Kikubaaqudgha.
  2090 | D:3      | Reached skill level 1 in Conjurations
  2090 | D:3      | Reached skill level 1 in Hexes
  2090 | D:3      | Reached skill level 1 in Charms
  2090 | D:3      | Reached skill level 1 in Summonings
  2090 | D:3      | Reached skill level 1 in Necromancy
  2090 | D:3      | Reached skill level 1 in Translocations
  2090 | D:3      | Reached skill level 1 in Transmutations
  2090 | D:3      | Reached skill level 1 in Fire Magic
  2090 | D:3      | Reached skill level 1 in Ice Magic
  2090 | D:3      | Reached skill level 1 in Air Magic
  2090 | D:3      | Reached skill level 1 in Earth Magic
  2090 | D:3      | Reached skill level 1 in Poison Magic
  2090 | D:3      | Reached XP level 5. HP: 37/40 MP: 6/6
  2090 | D:3      | Identified a scroll of acquirement
  2190 | D:3      | Identified the Collected Works on Ensnaring Clay (You
                  | acquired it on level 3 of the Dungeon)
  2302 | D:3      | Reached XP level 6. HP: 45/47 MP: 8/8
  2650 | D:3      | Found a basalt altar of Yredelemnul.
  2970 | D:4      | Reached XP level 7. HP: 52/52 MP: 10/10
  3011 | D:4      | Found a staircase to the Ecumenical Temple.
  3265 | D:5      | Entered Level 5 of the Dungeon
  3355 | Temple   | Entered the Ecumenical Temple
  3370 | Temple   | Became a worshipper of Cheibriados the Contemplative
  3478 | D:5      | Found a sand-covered staircase.
  3485 | Ossuary  | Entered an ossuary
  3580 | Ossuary  | Reached XP level 8. HP: 54/60 MP: 12/12
  3778 | D:5      | Found a hazy altar of Hepliaklqana.
  3782 | D:5      | Reached * piety under Cheibriados
  3804 | D:5      | Found a glowing silver altar of Zin.
  4636 | D:6      | Found Kurics's General Store.
  4822 | D:6      | Found a sparkling altar of Nemelex Xobeh.
  4920 | D:6      | Found Oxziwkut's Book Shoppe.
  4929 | D:6      | Found an iron altar of Okawaru.
  4972 | D:6      | Found Tues's Jewellery Emporium.
  5134 | D:6      | Found Qioseny's Gadget Shoppe.
  5148 | D:6      | Found Jekkiogg's Weapon Shop.
  5151 | D:6      | Bought the +3 sling "Punk" {acid, rCorr} for 406 gold
                  | pieces
  5151 | D:6      | Found the +3 sling "Punk" {acid, rCorr}
  5714 | D:2      | Killed Sigmund
  5721 | D:2      | Found a faded altar of an unknown god.
  5916 | D:4      | Reached XP level 9. HP: 54/66 MP: 14/14
  6030 | D:4      | Found a runed translucent door.
  6030 | D:4      | Noticed foxfromabyss's ghost (novice MiAc)
  6058 | D:4      | Reached ** piety under Cheibriados
  6779 | D:7      | Found a corrupted altar of Lugonu.
  6779 | D:7      | Found a shimmering blue altar of Sif Muna.
  6908 | D:7      | Reached skill level 5 in Fighting
  6908 | D:7      | Reached skill level 5 in Maces & Flails
  7172 | D:7      | Reached *** piety under Cheibriados
  7173 | D:7      | Reached skill level 5 in Invocations
  7208 | D:7      | Noticed a troll
  7222 | D:7      | Killed a troll
  7229 | D:7      | Reached XP level 10. HP: 71/74 MP: 17/17
  7261 | D:7      | Found an opulent altar of Gozag.
  7262 | D:7      | Found Gozag's Platinum Reserve.
  7447 | D:8      | Found Hajegy's Lightly-Used Armoury.
  7455 | D:8      | Got a tattered robe
  7466 | D:8      | Identified the +2 robe of Listlessness {+Blink Str+7
                  | Slay+2} (You found it on level 8 of the Dungeon)
  7501 | D:8      | Found a staircase to the Orcish Mines.
  7501 | D:8      | Noticed an orc knight
  7501 | D:8      | Noticed an orc knight
  7501 | D:8      | Noticed an orc knight
  7501 | D:8      | Noticed an orc knight
  7604 | D:8      | Reached skill level 5 in Short Blades
  7604 | D:8      | Reached skill level 5 in Long Blades
  7604 | D:8      | Reached skill level 5 in Axes
  7604 | D:8      | Reached skill level 5 in Polearms
  7604 | D:8      | Reached skill level 5 in Staves
  7604 | D:8      | Reached skill level 5 in Slings
  7604 | D:8      | Reached skill level 5 in Bows
  7604 | D:8      | Reached skill level 5 in Crossbows
  7604 | D:8      | Reached skill level 5 in Throwing
  7604 | D:8      | Reached skill level 5 in Armour
  7604 | D:8      | Reached skill level 5 in Shields
  7604 | D:8      | Reached skill level 5 in Unarmed Combat
  7604 | D:8      | Reached skill level 5 in Spellcasting
  7604 | D:8      | Reached skill level 5 in Evocations
  7699 | D:8      | Found Wiukeiqa's Book Boutique.
  7703 | D:8      | Noticed Harold
  7806 | D:9      | Reached **** piety under Cheibriados
  7853 | D:9      | Reached XP level 11. HP: 39/82 MP: 19/19
  8138 | D:9      | Found a shattered altar of Ashenzari.
  8251 | D:9      | Found a staircase to the Lair.
  8526 | Lair:1   | Entered Level 1 of the Lair of Beasts
  8798 | Lair:1   | Reached skill level 5 in Conjurations
  8798 | Lair:1   | Reached skill level 5 in Hexes
  8798 | Lair:1   | Reached skill level 5 in Charms
  8798 | Lair:1   | Reached skill level 5 in Summonings
  8798 | Lair:1   | Reached skill level 5 in Necromancy
  8798 | Lair:1   | Reached skill level 5 in Translocations
  8798 | Lair:1   | Reached skill level 5 in Transmutations
  8798 | Lair:1   | Reached skill level 5 in Fire Magic
  8798 | Lair:1   | Reached skill level 5 in Ice Magic
  8798 | Lair:1   | Reached skill level 5 in Air Magic
  8798 | Lair:1   | Reached skill level 5 in Earth Magic
  8798 | Lair:1   | Reached skill level 5 in Poison Magic
  8808 | Lair:1   | Identified Esun's Catalogue of Excruciating Envenoming
  9151 | Lair:1   | Noticed an eight-headed hydra
  9156 | Lair:1   | Killed an eight-headed hydra
  9544 | Lair:2   | Reached ***** piety under Cheibriados
 10557 | Lair:3   | Reached XP level 12. HP: 88/91 MP: 22/22
 10733 | Lair:3   | Found a hole to the Spider Nest.
 11179 | Lair:4   | Noticed a catoblepas
 11192 | Lair:4   | Killed a catoblepas
 11206 | Lair:4   | Found a staircase to the Shoals.
 11884 | Lair:5   | Noticed an eight-headed hydra
 11886 | Lair:5   | Noticed a six-headed hydra
 11891 | Lair:5   | Killed an eight-headed hydra
 11892 | Lair:5   | Reached skill level 10 in Dodging
 11892 | Lair:5   | Reached skill level 10 in Stealth
 11895 | Lair:5   | Killed a six-headed hydra
 12442 | Lair:5   | Noticed a seven-headed hydra
 12447 | Lair:5   | Killed a seven-headed hydra
 12448 | Lair:5   | Reached XP level 13. HP: 98/98 MP: 24/24
 12663 | Lair:5   | Reached ****** piety under Cheibriados
 12721 | Lair:5   | Found a runed translucent door.
 12721 | Lair:5   | Noticed foxfromabyss's ghost (journeyman TrMA)
 13272 | Lair:6   | Entered Level 6 of the Lair of Beasts
 13286 | Lair:6   | Noticed Urug
 13304 | Lair:6   | Killed Urug
 13498 | Lair:6   | Noticed Josephine
 13503 | Lair:6   | Killed Josephine
 13809 | Lair:6   | Found a viscous altar of Jiyva.
 13810 | Lair:6   | Found a staircase to the Slime Pits.
 13887 | Lair:6   | Noticed Kirke
 13908 | Lair:6   | Killed Kirke
 14052 | Lair:6   | Noticed an ice dragon
 14066 | Lair:6   | Killed an ice dragon
 14067 | Lair:6   | Reached XP level 14. HP: 100/108 MP: 23/26
 14412 | Lair:6   | Found a large runed door.
 14413 | Lair:6   | Found a large runed door.
 15568 | D:10     | Entered Level 10 of the Dungeon
 15715 | D:10     | Found a flagged portal.
 15721 | Bailey   | Entered a bailey
 15745 | Bailey   | Reached skill level 10 in Invocations
 16542 | D:8      | Killed Harold
 16699 | D:8      | Found a hide-covered altar of Uskayaw.
 17249 | D:8      | Noticed Grum
 17256 | D:8      | Killed Grum
 17539 | Orc      | Entered the Orcish Mines
 17708 | Orc      | Found a roughly hewn altar of Beogh.
 17717 | Orc      | Found Enwel's Antique Weapon Boutique.
 17727 | Orc      | Found Gijeph's Assorted Antiques.
 17732 | Orc      | Paralysed by an orc sorcerer for 4 turns
 17942 | Orc      | Found Gyug Jeph's Jewellery Boutique.
 17942 | Orc      | Found Xafap's Armour Emporium.
 17977 | Orc      | Bought a +2 pair of gloves of archery for 236 gold pieces
 18011 | Orc      | Found a staircase to the Elven Halls.
 18454 | D:11     | Noticed Psyche
 18473 | D:11     | Killed Psyche
 18474 | D:11     | Reached XP level 15. HP: 115/115 MP: 28/28
 18482 | D:11     | Found a portal to a secret trove of treasure.
 18602 | D:11     | Reached skill level 10 in Fighting
 18602 | D:11     | Reached skill level 10 in Maces & Flails
 18711 | D:11     | Found a gate to the Vaults.
 18943 | D:12     | Entered Level 12 of the Dungeon
 18967 | D:12     | Found a runed door.
 18971 | D:12     | Found a runed door.
 19046 | D:12     | Found a staircase to the Depths.
 19091 | D:12     | Learned a level 2 spell: Passwall
 19251 | D:12     | Reached skill level 10 in Short Blades
 19251 | D:12     | Reached skill level 10 in Long Blades
 19251 | D:12     | Reached skill level 10 in Axes
 19251 | D:12     | Reached skill level 10 in Polearms
 19251 | D:12     | Reached skill level 10 in Staves
 19251 | D:12     | Reached skill level 10 in Slings
 19251 | D:12     | Reached skill level 10 in Bows
 19251 | D:12     | Reached skill level 10 in Crossbows
 19251 | D:12     | Reached skill level 10 in Throwing
 19251 | D:12     | Reached skill level 10 in Armour
 19251 | D:12     | Reached skill level 10 in Shields
 19251 | D:12     | Reached skill level 10 in Unarmed Combat
 19251 | D:12     | Reached skill level 10 in Spellcasting
 19251 | D:12     | Reached skill level 10 in Evocations
 19574 | D:12     | Found a runed warning-scrawled door.
 19917 | D:12     | Learned a level 6 spell: Statue Form
 20147 | Elf:1    | Entered Level 1 of the Elven Halls
 20147 | Elf:1    | Found a runed gate.
 20147 | Elf:1    | Found a runed gate.
 20147 | Elf:1    | Found a runed gate.
 20147 | Elf:1    | Found a runed gate.
 20147 | Elf:1    | Found a runed gate.
 20147 | Elf:1    | Found a runed gate.
 20150 | Elf:1    | Found a runed door.
 20150 | Elf:1    | Noticed a deep elf sorcerer
 20157 | Elf:1    | Killed a deep elf sorcerer
 20171 | Elf:1    | Found a runed door.
 20234 | Elf:1    | Found a crumbling gateway.
 20263 | Elf:1    | Noticed Saint Roka
 20288 | Elf:1    | Killed Saint Roka
 20408 | Desolati | Entered the Desolation of Salt
 20443 | Desolati | Reached XP level 16. HP: 76/124 MP: 17/30
 20514 | Desolati | HP: 3/124 [saltling (13)]
 20706 | Desolati | Slain by a peacekeeper

Skill      XL: |  1  2  3  4  5  6  7  8  9 10 11 12 13 14 15 |
---------------+----------------------------------------------+-----
Invocations    | 1 2 3 4 5 6 7 8 9 10 11 | 11.3
Short Blades   | 1 2 3 4 5 6 7 8 9 10 | 10.4
Long Blades    | 1 2 3 4 5 6 7 8 9 10 | 10.4
Axes           | 1 2 3 4 5 6 7 8 9 10 | 10.4
Polearms       | 1 2 3 4 5 6 7 8 9 10 | 10.4
Staves         | 1 2 3 4 5 6 7 8 9 10 | 10.4
Slings         | 1 2 3 4 5 6 7 8 9 10 | 10.4
Bows           | 1 2 3 4 5 6 7 8 9 10 | 10.4
Crossbows      | 1 2 3 4 5 6 7 8 9 10 | 10.4
Throwing       | 1 2 3 4 5 6 7 8 9 10 | 10.4
Armour         | 1 2 3 4 5 6 7 8 9 10 | 10.4
Shields        | 1 2 3 4 5 6 7 8 9 10 | 10.4
Unarmed Combat | 1 2 3 4 5 6 7 8 9 10 | 10.4
Spellcasting   | 1 2 3 4 5 6 7 8 9 10 | 10.4
Evocations     | 1 2 3 4 5 6 7 8 9 10 | 10.4
Conjurations   | 1 2 3 4 5 6 7 8 |  8.8
Hexes          | 1 2 3 4 5 6 7 8 |  8.8
Charms         | 1 2 3 4 5 6 7 8 |  8.8
Summonings     | 1 2 3 4 5 6 7 8 |  8.8
Necromancy     | 1 2 3 4 5 6 7 8 |  8.8
Translocations | 1 2 3 4 5 6 7 8 |  8.8
Transmutations | 1 2 3 4 5 6 7 8 |  8.8
Fire Magic     | 1 2 3 4 5 6 7 8 |  8.8
Ice Magic      | 1 2 3 4 5 6 7 8 |  8.8
Air Magic      | 1 2 3 4 5 6 7 8 |  8.8
Earth Magic    | 1 2 3 4 5 6 7 8 |  8.8
Poison Magic   | 1 2 3 4 5 6 7 8 |  8.8
Fighting       | 3 4 5 6 7 8 9 10 | 10.7
Maces & Flails | 3 4 5 6 7 8 9 10 | 10.7
Dodging        | 7 8 9 10 11 12 | 12.1
Stealth        | 7 8 9 10 11 12 | 12.1

Action                   |  1- 3 |  4- 6 |  7- 9 | 10-12 | 13-15 | 16-18 || total
-------------------------+-------+-------+-------+-------+-------+-------++-------
Melee: Whip              |   193 |    98 |       |       |       |       ||   291
       Bite              |    15 |    17 |    37 |    14 |    50 |    31 ||   164
       Punch             |     1 |       |       |       |       |       ||     1
       Quick blade       |       |   121 |   289 |    83 |   179 |    99 ||   771
 Fire: Hunting sling     |       |       |    81 |   410 |  1133 |    46 ||  1670
 Cast: Statue Form       |       |       |       |       |     2 |       ||     2
Invok: Bend Time         |       |       |       |       |     5 |       ||     5
 Abil: Evoke Flight      |       |       |       |     1 |     2 |       ||     3
       Evoke Blink       |       |       |       |       |    16 |     3 ||    19
       End Transformatio |       |       |       |       |     2 |       ||     2
  Use: Scroll            |       |     1 |     1 |    16 |     9 |     2 ||    29
       Potion            |       |       |       |     2 |       |     8 ||    10
 Stab: Sleeping          |     9 |    17 |    13 |       |     1 |       ||    40
  Eat: Chunk             |     6 |    11 |    13 |    21 |    45 |     3 ||    99
       Ration            |       |       |     1 |     1 |     1 |       ||     3
Armor: Robe              |    73 |    69 |    49 |    42 |    49 |    13 ||   295
Dodge: Dodged            |   200 |   178 |   111 |   192 |   359 |   141 ||  1181
Block: Buckler           |    34 |    56 |    55 |    65 |   166 |    72 ||   448
